[Event "Titled Tuesday Blitz November 29 Late 2022"]
[White "Jaracz, Pawel"]
[Black "Yurovskykh, Oleksandr"]
[WhiteFideId "1102222"]
[BlackFideId "14134020"]
[WhiteElo "2459"]
[BlackElo "2265"]
[Result "1-0"]
[Round "04"]
[TimeControl "180+1"]
[Date "2022.11.30"]
[WhiteClock "0:00:42"]
[BlackClock "0:00:14"]

1. e4 e6 2. d3 c5 3. Nf3 Nc6 4. g3 Nf6 5. Bg2 d6 6. O-O Be7 7. c3 O-O 8. Re1 Bd7 9. a3 Rc8 10. b4 b6 11. Nbd2 Qc7 12. Bb2 a5 13. b5 Ne5 14. Nxe5 dxe5 15. a4 Ne8 16. Nc4 f6 17. Bh3 Nd6 18. Qb3 Rfe8 19. Rad1 Nxc4 20. Qxc4 Bf8 21. Bc1 Qd6 22. f4 Kh8 23. fxe5 Qxe5 24. Bf4 Qh5 25. Kg2 Qf7 26. e5 f5 27. g4 fxg4 28. Bxg4 Rcd8 29. Re3 Bc8 30. Bf3 Bb7 31. Bxb7 Qxb7+ 32. Qe4 Qxe4+ 33. Rxe4 Rd7 34. Kf3 Red8 35. Ke2 Be7 36. Be3 Kg8 37. c4 Kf7 38. Rd2 Ke8 39. Rg4 g6 40. h4 Kf7 41. Rd1 Rf8 42. Rf1+ Ke8 43. Rxf8+ Kxf8 44. d4 cxd4 45. Bxd4 Bd8 46. Ke3 Kf7 47. Ke4 h5 48. Rf4+ Ke8 49. c5 bxc5 50. Bxc5 Rf7 51. Rxf7 Kxf7 52. b6 Ke8 53. b7 Bc7 54. Bd6 Kd7 55. b8=Q Bxb8 56. Bxb8 Kc6 57. Bd6 1-0


[Site "https://www.chess.com"]

[Event "Titled Tuesday Blitz November 29 Late 2022"]
[White "Jimenez, Joaquin"]
[Black "Kalogeris, Ioannis"]
[WhiteFideId "109860"]
[BlackFideId "4239563"]
[WhiteElo "2163"]
[BlackElo "2312"]
[Result "1/2-1/2"]
[Round "04"]
[TimeControl "180+1"]
[Date "2022.11.30"]
[WhiteClock "0:00:35"]
[BlackClock "0:00:13"]

1. c4 Nf6 2. Nc3 c6 3. e4 e5 4. Nf3 d6 5. d4 Nbd7 6. Be2 Be7 7. O-O O-O 8. h3 a5 9. Be3 h6 10. Rc1 Re8 11. a3 Bf8 12. b4 axb4 13. axb4 exd4 14. Nxd4 Nxe4 15. Nxe4 Rxe4 16. Bf3 Re8 17. b5 c5 18. Ne2 Nb6 19. Nf4 Ra4 20. Nd5 Ra3 21. Qc2 Be6 22. Rfd1 Bxd5 23. Bxd5 Nxd5 24. Rxd5 Qh4 25. Rcd1 Raxe3 26. fxe3 Rxe3 27. R5d3 Re4 28. Rc3 g6 29. Rf1 Bg7 30. Rcf3 f5 31. Qa2 Kh7 32. Qa8 b6 33. Qb8 Re2 34. Qxb6 Qg5 35. R3f2 Bd4 36. Qxd6 Rxf2 37. Rxf2 Qe3 38. Qd7+ Kg8 39. Qd8+ Kf7 40. Qd7+ Kf6 41. Qd8+ Qe7 42. Qxe7+ Kxe7 43. Kf1 Bxf2 44. Kxf2 Kd6 45. Kf3 Ke5 46. g4 fxg4+ 47. hxg4 Kf6 48. Kf4 Ke6 49. Ke4 Kd6 50. Ke3 Ke5 51. Kf3 Ke6 52. Ke4 Kd6 53. Kf4 Ke6 54. Kg3 Ke5 55. Kf3 1/2-1/2


[Site "https://www.chess.com"]

[Event "Titled Tuesday Blitz November 29 Late 2022"]
[White "Jobava, Baadur"]
[Black "Corrales Jimenez, Fidel"]
[WhiteFideId "13601520"]
[BlackFideId "3506690"]
[WhiteElo "2582"]
[BlackElo "2541"]
[Result "1/2-1/2"]
[Round "04"]
[TimeControl "180+1"]
[Date "2022.11.30"]
[WhiteClock "0:00:07"]
[BlackClock "0:01:03"]

1. b3 Nf6 2. Bb2 g6 3. Bxf6 exf6 4. c4 d5 5. cxd5 Qxd5 6. Nc3 Qd8 7. g3 c5 8. Bg2 Nc6 9. e3 Be7 10. Nge2 O-O 11. O-O Re8 12. Rc1 Bf8 13. Na4 Nb4 14. Nxc5 Nxa2 15. Ra1 Bxc5 16. Rxa2 a5 17. d4 Bb4 18. Nf4 Ra6 19. h4 Bf8 20. Qa1 g5 21. hxg5 fxg5 22. Nd3 h5 23. Nc5 Rh6 24. Nxb7 Qf6 25. Rxa5 h4 26. Re5 h3 27. Be4 Bg4 28. Rxe8 h2+ 29. Kg2 Be2 30. Rh1 g4 31. Rxh2 Bf3+ 32. Kg1 Rxh2 33. Bxf3 Qxf3 34. Kxh2 Qxf2+ 35. Kh1 Qf3+ 36. Kh2 Qf2+ 37. Kh1 Qf3+ 38. Kh2 Qf2+ 1/2-1/2


[Site "https://www.chess.com"]

[Event "Titled Tuesday Blitz November 29 Late 2022"]
[White "Karas, Marek"]
[Black "Dylag, Emilia"]
[WhiteFideId "14928558"]
[BlackFideId "21805172"]
[WhiteElo "2220"]
[BlackElo "1878"]
[Result "0-1"]
[Round "04"]
[TimeControl "180+1"]
[Date "2022.11.30"]
[WhiteClock "0:00:01"]
[BlackClock "0:00:08"]

1. b3 e6 2. Bb2 Nf6 3. e3 d5 4. g4 h6 5. Be2 c5 6. h3 Nc6 7. d3 Be7 8. Nd2 b6 9. Bf3 Bb7 10. Ne2 Qc7 11. a3 e5 12. Bg2 O-O-O 13. Ng3 g6 14. Qe2 h5 15. g5 Nh7 16. h4 f6 17. gxf6 Nxf6 18. O-O-O Rhf8 19. Bh3+ Kb8 20. Kb1 e4 21. dxe4 d4 22. Nf3 Ne5 23. Nxe5 Qxe5 24. f4 Qc7 25. e5 Nd5 26. exd4 Nxf4 27. Qh2 Bxh1 28. Nxh1 Nxh3 29. Qxh3 cxd4 30. e6 Qf4 31. Qg2 Qf3 32. Qg1 d3 33. cxd3 Rxd3 34. Rc1 Rxb3 35. Qh2+ Ka8 36. Ka1 Rxa3+ 37. Kb1 Qd3+ 38. Qc2 Qxc2+ 39. Kxc2 Re3 40. Kb1 Rxe6 41. Nf2 Rxf2 42. Rc8+ Kb7 43. Rg8 Rxb2+ 44. Kxb2 Bf6+ 45. Kb3 Bxh4 46. Rg7+ Kc6 47. Kc4 Re4+ 48. Kd3 Rg4 49. Ke3 a5 50. Kf3 Kb5 51. Rd7 a4 52. Rd3 Ka5 53. Rd8 Rg3+ 0-1


[Site "https://www.chess.com"]

[Event "Titled Tuesday Blitz November 29 Late 2022"]
[White "Keymer, Vincent"]
[Black "Abdyzhapar, Asylbek"]
[WhiteFideId "12940690"]
[BlackFideId "13800337"]
[WhiteElo "2600"]
[BlackElo "2323"]
[Result "1-0"]
[Round "04"]
[TimeControl "180+1"]
[Date "2022.11.30"]
[WhiteClock "0:00:13"]
[BlackClock "0:00:17"]

1. Nf3 Nf6 2. c4 g6 3. Nc3 Bg7 4. g3 O-O 5. Bg2 d6 6. d4 Nc6 7. d5 Na5 8. b3 c5 9. Bb2 a6 10. O-O Rb8 11. a4 Bg4 12. Nd2 e5 13. dxe6 Bxe6 14. Qc2 Qb6 15. Rab1 Nc6 16. Ba1 Bf5 17. e4 Nd4 18. Qd3 Bg4 19. h3 Be6 20. Nf3 Nd7 21. Nxd4 Bxd4 22. Kh2 Rbe8 23. Ne2 Ne5 24. Qc2 Bxa1 25. Rxa1 f5 26. Nf4 fxe4 27. Bxe4 Bf7 28. Rae1 Nc6 29. Nd5 Qd8 30. Qc3 Nd4 31. Bg2 h5 32. f4 h4 33. g4 Bxd5 34. Bxd5+ Kh7 35. Be4 b6 36. Qd3 Kg7 37. Kg2 Re6 38. Qd2 Rfe8 39. Bd5 Rxe1 40. Rxe1 Rxe1 41. Qxe1 Qf8 42. Qe3 Kf6 43. b4 a5 44. b5 Kg7 45. Qe4 Qd8 46. Qe3 1-0


[Site "https://www.chess.com"]

[Event "Titled Tuesday Blitz November 29 Late 2022"]
[White "Khater, Sherif"]
[Black "Zajic, Milan"]
[WhiteFideId "2034280"]
[BlackFideId "912336"]
[WhiteElo "2537"]
[BlackElo "2445"]
[Result "0-1"]
[Round "04"]
[TimeControl "180+1"]
[Date "2022.11.30"]
[WhiteClock "0:00:27"]
[BlackClock "0:00:05"]

1. e4 c5 2. Nc3 Nc6 3. g3 g6 4. Bg2 Bg7 5. Nge2 e6 6. d3 Nge7 7. Be3 Nd4 8. O-O d6 9. h3 Nec6 10. Kh2 h5 11. Qd2 Rb8 12. Rab1 b5 13. Nd1 b4 14. f4 e5 15. Nf2 Be6 16. c3 Nxe2 17. Qxe2 Bxa2 18. Ra1 b3 19. f5 a5 20. g4 hxg4 21. Nxg4 a4 22. f6 Bf8 23. Qf2 a3 24. d4 cxd4 25. cxd4 exd4 26. Bf4 Qd7 27. Kg1 Rh5 28. Rae1 Rbb5 29. Qe2 axb2 30. Qxb2 Rhc5 31. e5 Rc2 32. exd6+ Kd8 33. Qa3 Ra5 34. Bxc6 Rxa3 35. Bxd7 Kxd7 36. Ne5+ Kc8 37. d7+ Kd8 38. Re4 b2 39. Rxd4 Ra6 40. Nxf7+ Bxf7 41. Bc7+ Rxc7 42. Re1 Bc5 43. Re8+ Bxe8 44. dxe8=Q+ Kxe8 45. f7+ Kxf7 46. Kg2 Bxd4 47. h4 b1=Q 48. h5 Qe4+ 49. Kh3 g5 50. h6 Qf3+ 51. Kh2 Rc2# 0-1


[Site "https://www.chess.com"]

[Event "Titled Tuesday Blitz November 29 Late 2022"]
[White "Kim, Sergey"]
[Black "Sarana, Alexey"]
[WhiteFideId "13700570"]
[BlackFideId "24133795"]
[WhiteElo "2619"]
[BlackElo "2708"]
[Result "0-1"]
[Round "04"]
[TimeControl "180+1"]
[Date "2022.11.30"]
[WhiteClock "0:00:41"]
[BlackClock "0:01:39"]

1. d4 Nf6 2. c4 e6 3. Nc3 d5 4. Nf3 Nbd7 5. Bf4 dxc4 6. e3 Nd5 7. Bxc4 Nxf4 8. exf4 Bd6 9. Ne5 c5 10. Bb5 a6 11. Bxd7+ Bxd7 12. dxc5 Bxe5 13. fxe5 Qg5 14. Qe2 Bc6 15. f3 Rd8 16. Rd1 Rxd1+ 17. Kxd1 Ke7 18. Kc2 Rd8 19. Rd1 Qf5+ 20. Rd3 h5 21. h4 Rxd3 22. Qxd3 Qxe5 23. Qc4 Qg3 24. Qd4 Qxg2+ 25. Kb3 Qg3 26. Ne4 Qxf3+ 27. Nc3 Qg3 28. a4 g5 29. hxg5 Qxg5 30. Qd6+ Kf6 31. Qd8+ Kf5 32. Qd3+ Ke5 33. Qd6+ Kf5 34. Qd3+ Kg4 35. Ne2 Qd5+ 0-1


[Site "https://www.chess.com"]

[Event "Titled Tuesday Blitz November 29 Late 2022"]
[White "Kobo, Ori"]
[Black "Pham, Khoi"]
[WhiteFideId "2812320"]
[BlackFideId "1054988"]
[WhiteElo "2447"]
[BlackElo "2502"]
[Result "1-0"]
[Round "04"]
[TimeControl "180+1"]
[Date "2022.11.30"]
[WhiteClock "0:00:13"]
[BlackClock "0:00:04"]

1. Nf3 d5 2. g3 Nf6 3. Bg2 g6 4. O-O Bg7 5. c4 O-O 6. Qb3 c6 7. d3 Nbd7 8. Nc3 dxc4 9. Qxc4 e5 10. a4 a5 11. Ng5 Nb6 12. Qb3 h6 13. Nge4 Be6 14. Qc2 Nfd5 15. Nc5 Bc8 16. Nxd5 Nxd5 17. Bd2 b6 18. Ne4 Bb7 19. Qb3 c5 20. Nc3 Nxc3 21. Bxc3 Bxg2 22. Kxg2 Qd6 23. Qc4 Rad8 24. Ra3 Qd5+ 25. Qxd5 Rxd5 26. Rb3 Rd6 27. Rb5 f6 28. Ra1 Rc8 29. Ra3 Kf7 30. Rab3 Rcc6 31. h4 Ke6 32. f4 f5 33. Kf3 Bf6 34. Be1 exf4 35. gxf4 Bd8 36. Bf2 Bf6 37. e4 Bd8 38. e5 Rd7 39. Rc3 g5 40. hxg5 hxg5 41. d4 gxf4 42. Kxf4 Rg7 43. dxc5 Rg4+ 44. Kf3 Rxa4 45. cxb6 Rxc3+ 46. bxc3 Ra3 47. Bd4 a4 48. b7 Bc7 49. b8=Q Bxb8 50. Rxb8 Rb3 51. Rxb3 axb3 52. c4 1-0


[Site "https://www.chess.com"]

[Event "Titled Tuesday Blitz November 29 Late 2022"]
[White "Korchmar, Vasiliy"]
[Black "Papp, Petra"]
[WhiteFideId "24131750"]
[BlackFideId "739049"]
[WhiteElo "2370"]
[BlackElo "2259"]
[Result "1-0"]
[Round "04"]
[TimeControl "180+1"]
[Date "2022.11.30"]
[WhiteClock "0:01:35"]
[BlackClock "0:00:23"]

1. e4 e5 2. Nf3 Nf6 3. Nc3 Nc6 4. h3 d5 5. exd5 Nxd5 6. Bb5 Nxc3 7. bxc3 Bd6 8. d4 exd4 9. O-O O-O 10. cxd4 Ne7 11. c4 Ng6 12. Be3 c6 13. Ba4 Bf5 14. Qd2 Bc7 15. d5 cxd5 16. Qxd5 Be6 17. Qxb7 Rb8 18. Qc6 Ne7 19. Qe4 Nf5 20. Rfd1 Qf6 21. Bg5 Qg6 22. g4 h6 23. gxf5 Bxf5 24. Qc6 hxg5 25. Qxc7 g4 26. Nh4 Qh5 27. Nxf5 Qxf5 28. Bd7 Qe4 29. Bxg4 Qxc4 30. Qxc4 1-0


[Site "https://www.chess.com"]

[Event "Titled Tuesday Blitz November 29 Late 2022"]
[White "Korobov, Anton"]
[Black "Dardha, Daniel"]
[WhiteFideId "14105730"]
[BlackFideId "240990"]
[WhiteElo "2635"]
[BlackElo "2528"]
[Result "0-1"]
[Round "04"]
[TimeControl "180+1"]
[Date "2022.11.30"]
[WhiteClock "0:00:30"]
[BlackClock "0:00:09"]

1. d4 d5 2. c4 e6 3. Nc3 Be7 4. cxd5 exd5 5. Bf4 Nf6 6. e3 O-O 7. Bd3 c5 8. h3 c4 9. Bc2 a6 10. g4 Be6 11. g5 Ne8 12. h4 b5 13. Qh5 f5 14. Nf3 b4 15. Ne2 Bf7 16. g6 Bxg6 17. Qxg6 hxg6 18. Ne5 Bd6 19. Nxg6 Bxf4 20. Nexf4 Rf6 21. O-O-O Nc6 22. h5 Qa5 23. Rdg1 Kh7 24. h6 gxh6 25. Nf8+ Rxf8 26. Rg6 Ng7 27. Rhxh6+ Kg8 28. Nh5 Ra7 29. Nf6+ Rxf6 30. Rxf6 Ne7 31. Rd6 b3 32. axb3 Qe1+ 33. Bd1 cxb3 34. Rd8+ Kf7 0-1


[Site "https://www.chess.com"]

[Event "Titled Tuesday Blitz November 29 Late 2022"]
[White "Kourkoulos-Arditis, Stamatis"]
[Black "Janaszak, Dawid"]
[WhiteFideId "4221990"]
[BlackFideId "1119206"]
[WhiteElo "2429"]
[BlackElo "2226"]
[Result "0-1"]
[Round "04"]
[TimeControl "180+1"]
[Date "2022.11.30"]
[WhiteClock "0:00:05"]
[BlackClock "0:00:45"]

1. d4 Nf6 2. c4 g6 3. Nc3 Bg7 4. e4 d6 5. Nf3 O-O 6. Be2 c5 7. O-O cxd4 8. Nxd4 Nc6 9. Be3 Bd7 10. f3 Nxd4 11. Bxd4 Bc6 12. b4 a5 13. b5 Bd7 14. Qd2 Be6 15. Na4 Nd7 16. Bxg7 Kxg7 17. f4 f6 18. Rac1 Rc8 19. Rc3 Bf7 20. Rfc1 Nc5 21. Nxc5 Rxc5 22. Kh1 Qd7 23. Rh3 Rfc8 24. f5 g5 25. Rhc3 b6 26. h4 h6 27. Qd4 Qc7 28. a3 Re5 29. Kg1 Qb7 30. Bf3 g4 31. Bxg4 Rxe4 32. Qd1 Qc7 33. Bf3 Qc5+ 34. Kh2 Rxh4+ 35. Kg3 Rd4 36. Qe2 Qe5+ 37. Qxe5 dxe5 38. Kf2 Rc5 39. Be2 Rf4+ 40. Ke3 Rxf5 41. Bf3 Rg5 42. a4 f5 43. Rd1 e4 44. Be2 Rxg2 45. Rd7 Rg3+ 46. Kd4 Rxc3 47. Kxc3 Kf6 48. Rb7 f4 49. Kd4 e5+ 50. Kc3 f3 51. Rxb6+ Kg5 52. Bf1 e3 53. Rb7 e2 54. Bxe2 fxe2 55. Kd2 Bxc4 56. Rb8 Rd5+ 0-1


[Site "https://www.chess.com"]

[Event "Titled Tuesday Blitz November 29 Late 2022"]
[White "Kowalski, Igor"]
[Black "Adla, Diego"]
[WhiteFideId "1172468"]
[BlackFideId "100072"]
[WhiteElo "2317"]
[BlackElo "2377"]
[Result "1/2-1/2"]
[Round "04"]
[TimeControl "180+1"]
[Date "2022.11.30"]
[WhiteClock "0:00:21"]
[BlackClock "0:00:52"]

1. d4 Nf6 2. Nf3 d5 3. c4 e6 4. g3 Be7 5. Bg2 O-O 6. O-O dxc4 7. Qc2 b5 8. a4 Bb7 9. axb5 a6 10. bxa6 Nxa6 11. Qxc4 Bd5 12. Qd3 Nb4 13. Rxa8 Qxa8 14. Qd1 c5 15. Nc3 Bb7 16. dxc5 Bxc5 17. Qb3 Rd8 18. Bg5 Nbd5 19. Nxd5 Bxd5 20. Qc2 Be7 21. Rd1 Rb8 22. Ne1 Bxg2 23. Nxg2 h6 24. Bf4 Rc8 25. Qd3 Nd5 26. Bd2 Qb7 27. b3 Bb4 28. e4 Nf6 29. f3 Bxd2 30. Rxd2 Qb6+ 31. Qe3 Qxe3+ 32. Nxe3 Rc3 33. Kf2 Rxb3 34. Rd8+ Kh7 35. e5 Ng8 36. Rd7 Kg6 37. f4 Rb4 38. Kf3 h5 39. Ng2 Nh6 40. Nh4+ Kh7 41. h3 Rb3+ 42. Kf2 Rb2+ 43. Ke3 Rb3+ 44. Rd3 Rxd3+ 45. Kxd3 g6 46. Ke4 Kg7 47. Nf3 Nf5 48. g4 hxg4 49. hxg4 Ne7 50. Nd4 Nc8 51. Nb5 Nb6 52. Nd6 Kf8 53. Kd4 Ke7 54. Nc4 Nd7 55. Na5 Nb6 56. Nc6+ Kd7 57. Nb4 Ke7 58. Kc5 Nd7+ 59. Kd4 Nb6 60. Kc5 Nd7+ 61. Kd4 Nb6 1/2-1/2


[Site "https://www.chess.com"]

[Event "Titled Tuesday Blitz November 29 Late 2022"]
[White "Leebit02"]
[Black "Urbina Perez, Juan Antonio"]
[BlackFideId "2217368"]
[WhiteElo "2308"]
[BlackElo "2197"]
[Result "0-1"]
[Round "04"]
[TimeControl "180+1"]
[Date "2022.11.30"]
[WhiteClock "0:00:24"]
[BlackClock "0:00:52"]

1. e4 e5 2. Nf3 Nc6 3. Bb5 a6 4. Ba4 Nge7 5. O-O g6 6. c3 Bg7 7. d4 O-O 8. d5 b5 9. Bc2 Na5 10. a4 Bb7 11. Nbd2 d6 12. b4 Nc4 13. Nxc4 bxc4 14. Qe2 c6 15. dxc6 Nxc6 16. Qxc4 Rc8 17. Qe2 Qc7 18. Bd2 Nxb4 19. Bb3 Nc6 20. Bd5 Na5 21. Bxb7 Qxb7 22. Rfb1 Qa8 23. Rb4 d5 24. h4 dxe4 25. Rxe4 Nb3 26. Re1 Nxd2 27. Nxd2 Qc6 28. h5 Qxc3 29. hxg6 hxg6 30. Re3 Qa5 31. Nc4 Qb4 32. Nxe5 Qxa4 33. Nd7 Qxd7 0-1


[Site "https://www.chess.com"]

[Event "Titled Tuesday Blitz November 29 Late 2022"]
[White "Leitao, Rafael"]
[Black "Yeritsyan, Hayk"]
[WhiteFideId "2101246"]
[BlackFideId "13307320"]
[WhiteElo "2609"]
[BlackElo "2427"]
[Result "0-1"]
[Round "04"]
[TimeControl "180+1"]
[Date "2022.11.30"]
[WhiteClock "0:00:11"]
[BlackClock "0:00:10"]

1. c4 c6 2. d4 d5 3. Nf3 Nf6 4. e3 e6 5. Bd3 Bd6 6. b3 Nbd7 7. Bb2 Qe7 8. Nc3 O-O 9. O-O e5 10. Be2 e4 11. Nd2 Re8 12. b4 Bxb4 13. Qb3 Bd6 14. cxd5 cxd5 15. Nxd5 Nxd5 16. Qxd5 Nf6 17. Qg5 Bxh2+ 18. Kxh2 Ng4+ 19. Qxg4 Bxg4 20. Bxg4 g6 21. Bh3 f5 22. Rfc1 Rac8 23. g3 Qb4 24. Nb3 a5 25. Rab1 a4 26. Nc5 Qd2 27. Kg1 b6 28. Nxa4 Rxc1+ 29. Rxc1 b5 30. Bf1 bxa4 31. Bc4+ Kg7 32. Ba3 Rc8 33. d5 Kf6 34. d6 Rd8 35. Rb1 Rxd6 36. Bxd6 Qxd6 37. Kf1 Kg5 38. Be2 Qd2 39. a3 Qa2 40. Rb7 h5 41. Ra7 Qxa3 42. Bd1 Qc1 43. Ke2 a3 0-1


[Site "https://www.chess.com"]

[Event "Titled Tuesday Blitz November 29 Late 2022"]
[White "Lewtak, Damian"]
[Black "Urazayev, Arystanbek"]
[WhiteFideId "1141724"]
[BlackFideId "13709810"]
[WhiteElo "2329"]
[BlackElo "2441"]
[Result "0-1"]
[Round "04"]
[TimeControl "180+1"]
[Date "2022.11.30"]
[WhiteClock "0:00:01"]
[BlackClock "0:00:04"]

1. e4 c6 2. d4 d5 3. e5 c5 4. dxc5 e6 5. a3 Bxc5 6. b4 Be7 7. Bb2 f6 8. Nf3 a5 9. bxa5 Nc6 10. Nbd2 Nh6 11. Bd3 Nf7 12. exf6 Bxf6 13. Bxf6 Qxf6 14. O-O O-O 15. c4 Rxa5 16. cxd5 exd5 17. Nb3 Ra8 18. Nfd4 Nfe5 19. Be2 Kh8 20. a4 Nc4 21. Bf3 Qg5 22. Nb5 N6e5 23. Bxd5 Bg4 24. Qc1 Qg6 25. f4 Be2 26. Rf2 Nd3 27. Qxc4 Nxf2 28. Qxe2 Nh3+ 29. Kh1 Nxf4 30. Qe4 Nxd5 31. Qxd5 Rxa4 32. Rg1 b6 33. N3d4 h6 34. h3 Ra5 35. Qc4 Kh7 36. Re1 Raa8 37. Re6 Qg3 38. Qc2+ Kh8 39. Qb1 Ra2 40. Qg1 Rd2 41. Re2 Rd3 42. Rc2 Qh4 43. Re2 Qh5 44. Rc2 Rd1 0-1


[Site "https://www.chess.com"]

[Event "Titled Tuesday Blitz November 29 Late 2022"]
[White "Lopez Perdomo, Juan David"]
[Black "Mickiewicz, Piotr"]
[WhiteFideId "4405137"]
[BlackFideId "1114891"]
[WhiteElo "1965"]
[BlackElo "2246"]
[Result "0-1"]
[Round "04"]
[TimeControl "180+1"]
[Date "2022.11.30"]
[WhiteClock "0:00:01"]
[BlackClock "0:00:10"]

1. e4 c5 2. d4 cxd4 3. c3 dxc3 4. Nxc3 Nc6 5. Nf3 e6 6. Bc4 Nge7 7. Bg5 f6 8. Bh4 Ng6 9. Bg3 a6 10. O-O b5 11. Bb3 Bb7 12. Qe2 Be7 13. Rfd1 Qb6 14. Bd6 Rd8 15. a4 b4 16. a5 Nxa5 17. Na4 Qc6 18. Rac1 Qxe4 19. Qxe4 Bxe4 20. Bc7 Nxb3 21. Rc4 Bxf3 22. gxf3 d5 23. Rc6 Kd7 24. Rc2 Rdg8 25. Rd3 Nc5 26. Nxc5+ Bxc5 27. Rxc5 Rc8 28. Bb6 Ne5 29. Rxc8 Rxc8 30. Rb3 Nc6 31. f4 a5 32. Rg3 Rg8 33. b3 h6 34. Kf1 e5 35. fxe5 fxe5 36. Ke2 Ne7 37. Bxa5 Nf5 38. Rd3 Ke6 39. Bxb4 Rb8 40. Bd2 d4 41. f3 Kd5 42. b4 g5 43. Ra3 Nd6 44. Ra5+ Ke6 45. h4 Kf5 46. hxg5 hxg5 47. Ra6 Nc4 48. Be1 g4 49. Rc6 Na3 50. fxg4+ Kxg4 51. Rg6+ Kf5 52. Rh6 Ke4 53. Rh5 Nc4 54. Rh4+ Kd5 55. Rh5 Ra8 56. Bg3 Ra2+ 57. Kd1 Ra3 58. Bf2 Rd3+ 59. Kc1 Rc3+ 60. Kd1 Rb3 61. Be1 Ne3+ 62. Kc1 Nc4 63. Rh8 d3 64. Rd8+ Ke4 0-1


[Site "https://www.chess.com"]

[Event "Titled Tuesday Blitz November 29 Late 2022"]
[White "Malka, Samuel"]
[Black "Kleiman, Jake"]
[WhiteFideId "20643675"]
[BlackFideId "2020041"]
[WhiteElo "2418"]
[BlackElo "2610"]
[Result "0-1"]
[Round "04"]
[TimeControl "180+1"]
[Date "2022.11.30"]
[WhiteClock "0:00:06"]
[BlackClock "0:00:53"]

1. d4 Nf6 2. c4 e6 3. Nf3 Bb4+ 4. Bd2 Bxd2+ 5. Qxd2 O-O 6. g3 d5 7. Bg2 c6 8. O-O Nbd7 9. Qc2 b6 10. Nbd2 Bb7 11. e4 dxe4 12. Nxe4 c5 13. Nd6 Bc6 14. dxc5 bxc5 15. Rad1 Qb6 16. b3 Rab8 17. Rfe1 h6 18. h4 a5 19. Re3 a4 20. bxa4 Qb2 21. Rd2 Qxc2 22. Rxc2 Rb1+ 23. Re1 Rfb8 24. Nb5 Rb4 25. Ne5 Nxe5 26. Rxe5 Rb1+ 27. Bf1 Nd7 28. Re3 Ra8 29. Rb3 Ra1 30. Ra3 Ne5 31. Rcc3 Rd8 32. f4 Rd2 33. fxe5 Rg2+ 34. Kh1 Rxf1# 0-1


[Site "https://www.chess.com"]

[Event "Titled Tuesday Blitz November 29 Late 2022"]
[White "Marcolino, Daniel Mattos"]
[Black "Clawitter, Craig"]
[WhiteFideId "2106841"]
[BlackFideId "2023105"]
[WhiteElo "2108"]
[BlackElo "2274"]
[Result "1-0"]
[Round "04"]
[TimeControl "180+1"]
[Date "2022.11.30"]
[WhiteClock "0:00:06"]
[BlackClock "0:00:01"]

1. d4 e6 2. Nf3 Nf6 3. g3 d5 4. Bg2 Be7 5. O-O O-O 6. c4 dxc4 7. Qc2 a6 8. a4 Bd7 9. Qxc4 Bc6 10. Bg5 Nbd7 11. Nc3 a5 12. Rfe1 Nb6 13. Qb3 Ne4 14. Bxe7 Qxe7 15. Ne5 Nxc3 16. Nxc6 Nxe2+ 17. Rxe2 bxc6 18. Bxc6 Rab8 19. Qc2 Rfd8 20. Rd1 Nd5 21. Bxd5 Rxd5 22. Re3 h5 23. Rc3 Qb4 24. Rxc7 Rxd4 25. Rxd4 Qxd4 26. Rc8+ Rxc8 27. Qxc8+ Kh7 28. Qe8 Qd1+ 29. Kg2 Qd5+ 30. Kg1 e5 31. Qb5 Qd4 32. Qxa5 Qxb2 33. Qb5 Qa1+ 34. Kg2 g6 35. a5 e4 36. a6 Qd1 37. Qc4 Qf3+ 38. Kg1 Qd1+ 39. Qf1 Qa4 40. Qe2 f5 41. Kg2 Qa3 42. h4 Kg7 43. Qc4 Kh6 44. Qc2 Qf3+ 45. Kg1 Qa3 46. Qe2 1-0


[Site "https://www.chess.com"]

[Event "Titled Tuesday Blitz November 29 Late 2022"]
[White "Marin Ramirez, Gerardo"]
[Black "Delorme, Alban"]
[WhiteFideId "3901068"]
[BlackFideId "623636"]
[WhiteElo "2041"]
[BlackElo "2197"]
[Result "1-0"]
[Round "04"]
[TimeControl "180+1"]
[Date "2022.11.30"]
[WhiteClock "0:00:09"]
[BlackClock "0:00:01"]

1. d4 Nf6 2. Nf3 e6 3. c4 b6 4. g3 Bb7 5. Bg2 Be7 6. O-O O-O 7. Nbd2 d5 8. Qc2 Nbd7 9. b3 Rc8 10. Bb2 c5 11. dxc5 Nxc5 12. Rfd1 Qc7 13. Be5 Qc6 14. Qb2 Rfd8 15. cxd5 Qxd5 16. Nh4 Qd7 17. Bxb7 Qxb7 18. Nc4 Nce4 19. Nf3 Rxd1+ 20. Rxd1 Rd8 21. Rxd8+ Bxd8 22. Nfd2 Nxd2 23. Qxd2 Qd5 24. Bxf6 Qxd2 25. Nxd2 Bxf6 26. Ne4 Be7 27. Nc3 a6 28. e3 Bb4 29. Ne2 f6 30. Nf4 Kf7 31. Nd3 Bd6 32. f4 e5 33. e4 exf4 34. gxf4 g6 35. Kf2 Ke6 36. Ke3 b5 37. h3 Bb8 38. b4 Ba7+ 39. Nc5+ Bxc5+ 40. bxc5 Kd7 41. Kd4 Kc6 42. e5 fxe5+ 43. fxe5 a5 44. e6 b4 45. Ke5 a4 46. Kf6 b3 47. e7 Kxc5 48. e8=Q 1-0


[Site "https://www.chess.com"]

[Event "Titled Tuesday Blitz November 29 Late 2022"]
[White "Mekhitarian, Krikor Sevag"]
[Black "Huber, Benedikt"]
[WhiteFideId "2107660"]
[BlackFideId "12923583"]
[WhiteElo "2604"]
[BlackElo "2199"]
[Result "1-0"]
[Round "04"]
[TimeControl "180+1"]
[Date "2022.11.30"]
[WhiteClock "0:01:36"]
[BlackClock "0:00:06"]

1. e4 c5 2. Nf3 e6 3. d4 cxd4 4. Nxd4 Nc6 5. Nc3 Qc7 6. g3 a6 7. Bg2 Nf6 8. O-O Nxd4 9. Qxd4 Bc5 10. Bf4 d6 11. Qd3 h6 12. Na4 e5 13. Nxc5 exf4 14. Nb3 fxg3 15. hxg3 O-O 16. Rad1 Be6 17. Rfe1 Rad8 18. Nd4 Bc4 19. Qd2 Rfe8 20. b3 Be6 21. c4 Bc8 22. f3 d5 23. cxd5 Qxg3 24. Qf2 Qg5 25. Qd2 Qh4 26. Ne2 Re5 27. Qf4 Qh5 28. Ng3 Qg5 29. Qxg5 Rxg5 30. Kf2 h5 31. Rh1 g6 32. Rc1 Kg7 33. Rc7 Rh8 34. Bh3 h4 35. Ne2 Bxh3 36. Rxh3 Nh5 37. Rxh4 Rb8 38. Nd4 Re5 39. Rh1 Nf4 40. Kg3 Nd3 41. Rd1 Nb4 42. Kf2 Rh5 43. Ne6+ Kf6 44. Nf4 Rh2+ 45. Ke3 Rxa2 46. d6 Nc2+ 47. Kd3 Rd8 48. Rxc2 Rxd6+ 49. Nd5+ 1-0


[Site "https://www.chess.com"]

[Event "Titled Tuesday Blitz November 29 Late 2022"]
[White "Melaugh, Shane"]
[Black "Kovacevic, Radmila"]
[WhiteFideId "2509580"]
[BlackFideId "933171"]
[WhiteElo "2025"]
[BlackElo "2208"]
[Result "1-0"]
[Round "04"]
[TimeControl "180+1"]
[Date "2022.11.30"]
[WhiteClock "0:00:57"]
[BlackClock "0:00:01"]

1. c4 e5 2. Nc3 f5 3. f4 exf4 4. Nf3 g5 5. d4 g4 6. Ne5 Qh4+ 7. Kd2 d6 8. Nd3 Bh6 9. Kc2 Nc6 10. Nxf4 Qf6 11. Ncd5 Nxd4+ 12. Kb1 Qg7 13. Nh5 Qe5 14. Bxh6 Nxh6 15. Nxc7+ Kd8 16. Nxa8 f4 17. a3 Qe4+ 18. Ka2 Be6 19. Qd3 Qe5 20. Rd1 Ndf5 21. g3 fxg3 22. Nxg3 b5 23. Nxf5 Nxf5 24. Qd2 bxc4 25. Qa5+ Qxa5 26. e4 c3+ 27. Kb1 c2+ 28. Kxc2 Ne3+ 29. Kc1 Nxd1 30. Kxd1 Bb3+ 31. Ke2 Qa6+ 32. Kf2 1-0


[Site "https://www.chess.com"]

[Event "Titled Tuesday Blitz November 29 Late 2022"]
[White "Melkumyan, Hrant"]
[Black "Toniutti, Ezio"]
[WhiteFideId "13302485"]
[BlackFideId "113034"]
[WhiteElo "2604"]
[BlackElo "2215"]
[Result "1-0"]
[Round "04"]
[TimeControl "180+1"]
[Date "2022.11.30"]
[WhiteClock "0:00:48"]
[BlackClock "0:00:11"]

1. e4 e5 2. Nf3 Nc6 3. d4 exd4 4. Nxd4 Bc5 5. Be3 Qf6 6. c3 Nge7 7. Bc4 O-O 8. O-O b6 9. Na3 Bb7 10. Nac2 Rad8 11. b4 Bxd4 12. cxd4 Qg6 13. Bd3 Rfe8 14. f3 a5 15. b5 Nb8 16. Rc1 d6 17. Bf2 Nd7 18. Ne3 Rc8 19. Qd2 c6 20. bxc6 Nxc6 21. e5 Qh6 22. Qb2 dxe5 23. Nf5 Qf6 24. Bh4 g5 25. Bf2 exd4 26. Rxc6 Rxc6 27. Bxd4 Ne5 28. Bb1 Rce6 29. h3 Qd8 30. Qf2 Qd5 31. Qg3 h6 32. Be4 Qc4 33. Bxb7 Qd3 34. Be4 1-0


[Site "https://www.chess.com"]